 Dungeon Crawl Stone Soup version 0.25-a0-734-g73332aeda9 (webtiles) character file.

Game seed: 3238341658964524032, levelgen mode: deterministic

1271 tilp the Magician (level 8, -4/90 HPs)
             Began as a Gnoll Wanderer on Apr 9, 2020.
             Was a Follower of Cheibriados.
             Slain by a gnoll shaman
             ... wielding a +2 whip of electrocution
              (10 damage)
             ... on level 6 of the Dungeon on Apr 10, 2020.
             The game lasted 00:17:38 (6881 turns).

tilp the Magician (Gnoll Wanderer)                  Turns: 6881, Time: 00:17:38

Health: -4/90      AC: 24    Str: 19    XL:     8   Next: 53%
Magic:  17/17      EV:  2    Int: 19    God:    Cheibriados [*.....]
Gold:   149        SH:  0    Dex: 18    Spells: 15/19 levels left

rFire    . . .     SeeInvis .   B - +1 halberd
rCold    . . .     Gourm    .   (shield currently unavailable)
rNeg     + + +     Faith    .   (armour currently unavailable)
rPois    +         Spirit   .   (helmet currently unavailable)
rElec    .         Reflect  .   (cloak currently unavailable)
rCorr    +         Harm     .   (gloves currently unavailable)
MR       .....     NoTele   +   (boots currently unavailable)
Stlth    +.........             (no amulet)
HPRegen  0.25/turn              k - +4 ring of dexterity
MPRegen  0.15/turn              v - ring of resist corrosion

@: mighty, tree-form, glowing, very slow
A: distributed training, strong nose
a: Bend Time, Renounce Religion


You were on level 6 of the Dungeon.
You worshipped Cheibriados.
Cheibriados was aware of your devotion.
You were not hungry.
You were a tree.
You visited 1 branch of the dungeon, and saw 6 of its levels.

You collected 377 gold pieces.
You spent 228 gold pieces at shops.

Inventory:

Hand Weapons
 a - a +0 flail
 b - a +0 rapier
 t - a +0 hunting sling
 B - a +1 halberd (weapon)
Missiles
 l - 39 sling bullets
 o - a throwing net {=f !f}
 s - 152 stones
 y - 23 poisoned darts (quivered)
Armour
 n - a +1 plate armour of fire resistance (melded)
Magical Staves
 C - an uncursed staff of energy {unknown}
Jewellery
 k - a +4 ring of dexterity (left branch)
 v - a ring of resist corrosion (right branch)
 E - an uncursed ring of flight {unknown}
Wands
 p - a wand of flame (17)
Scrolls
 d - a scroll of vulnerability {unknown}
 g - a scroll of magic mapping
 h - a scroll of fog {unknown}
 m - a scroll of amnesia
 r - a scroll of silence {unknown}
 u - 2 scrolls of fear {unknown}
 z - a scroll of enchant weapon
 A - a scroll of remove curse
 F - a scroll of identify
Potions
 e - a potion of invisibility {unknown}
 f - a potion of resistance
 i - a potion of might
 j - a potion of lignification
 q - a potion of cancellation
 x - 4 potions of curing
Comestibles
 c - 18 rations


   Skills:
 + Level 4.2 Fighting
 + Level 3.3 Short Blades
 + Level 3.3 Long Blades
 + Level 3.3 Axes
 + Level 3.3 Maces & Flails
 + Level 3.3 Polearms
 + Level 3.3 Staves
 + Level 3.3 Slings
 + Level 3.3 Bows
 + Level 3.3 Crossbows
 + Level 3.3 Throwing
 + Level 5.7 Armour
 + Level 3.3 Dodging
 + Level 4.1 Stealth
 + Level 3.3 Shields
 + Level 3.3 Unarmed Combat
 + Level 6.0 Spellcasting
 + Level 2.6 Conjurations
 + Level 4.7 Hexes
 + Level 2.6 Charms
 + Level 2.6 Summonings
 + Level 3.5 Necromancy
 + Level 2.6 Translocations
 + Level 2.6 Transmutations
 + Level 2.6 Fire Magic
 + Level 2.6 Ice Magic
 + Level 2.6 Air Magic
 + Level 2.6 Earth Magic
 + Level 2.6 Poison Magic
 + Level 3.6 Invocations
 + Level 4.2 Evocations


You had 15 spell levels left.
You knew the following spells:

 Your Spells              Type           Power        Failure   Level  Hunger
a - Foxfire               Conj/Fire      ###.         3%          1    None
b - Corona                Hex            ###....      1%          1    None
c - Ensorcelled Hibernat  Hex/Ice        ###...       3%          2    None

Your spell library contained the following spells:

 Spells                   Type           Power        Failure   Level  Hunger
 Corpse Rot               Necr/Air       N/A          4%          2    None
 Sublimation of Blood     Necr           ###.......   4%          2    None
 Confusing Touch          Hex            ###.....     4%          3    ##.....
 Tukima's Dance           Hex            ###.....     4%          3    ##.....
 Dazzling Flash           Conj/Hex       ###...       8%          3    ##.....
 Inner Flame              Hex/Fire       ###.....     8%          3    ##.....


Dungeon Overview and Level Annotations

Branches:
Dungeon (6/15)             Temple (0/1) D:4

Altars:
Cheibriados
Dithmenos
Trog

Shops:
D:5 !   D:6 *%

Annotations:
D:6 Grinder


Innate Abilities, Weirdness & Mutations

Your experience applies equally to all skills.
((You have very sharp teeth.))
Your uncanny sense of smell can sniff out nearby items.


Message History

The gnoll shaman is severely wounded.
The gnoll hits you but does no damage.
The gnoll shaman hits you with a +2 whip of electrocution.
* * * LOW HITPOINT WARNING * * *
The gnoll hits you but does no damage. The gnoll hits you with a +0 club.
* * * LOW HITPOINT WARNING * * *
The gnoll hits you but does no damage.
You feel very mighty all of a sudden.
The gnoll shaman invokes the aid of its god against you.
You are outlined in light.
The gnoll hits you but does no damage. The gnoll hits you with a +0 club.
* * * LOW HITPOINT WARNING * * *
The gnoll hits you but does no damage.
Unknown command.
You barely miss the gnoll shaman.
The gnoll shaman is severely wounded.
The gnoll hits you but does no damage.
The gnoll shaman hits you but does no damage.
You are electrocuted!
You die...

..# #...)........
#....######.# #...##
#.# ∆ ###.# #.#
#.#######.#
##.#.......#
#....####..#
.........#
#.g######..
#####...##
#.♣.gF.....
#...#####g########.#
#.....#...g..g.g....#
#....................
∆
#.....#.##...........
........ ############
###


You could see a bullfrog, a gnoll shaman and 3 gnolls.

Vanquished Creatures
  A sky beast (D:6)
  2 ice beasts
  An ogre (D:6)
  A phantom (D:4)
  2 centaurs (D:5)
  A water moccasin zombie (D:5)
  A scorpion (D:6)
  A howler monkey (D:5)
  3 orc wizards (D:6)
  A bullfrog skeleton (D:6)
  An orc priest (D:6)
  2 hounds
  Jessica (D:2)
  An iguana (D:3)
  2 worker ants
  7 adders
  3 gnolls (D:3)
  A shadow imp (D:4)
  An ooze (D:3)
  2 adder skeletons (D:5)
  3 worms
  4 dart slugs
  6 leopard geckos
  6 orcs
  2 giant cockroaches (D:1)
  13 goblins
  7 hobgoblins
  6 jackals
  A quokka (D:6)
  4 ball pythons
  10 bats
  4 frilled lizards
  2 kobolds
  8 rats
  A bush (D:4)
  A plant (D:4)
113 creatures vanquished.

Vanquished Creatures (others)
  22 foxfires (D:1)
22 creatures vanquished.

Grand Total: 135 creatures vanquished

Notes
Turn   | Place    | Note
-------+----------+-------------------------------------------
     0 | D:1      | tilp the Gnoll Wanderer began the quest for the Orb.
     0 | D:1      | tilp set off with the following items: a +0 club, a +0
                  | robe, a ration; and the following spells available to
                  | memorise: Corona, Confusing Touch, Tukima's Dance,
                  | Ensorcelled Hibernation, Sublimation of Blood, Foxfire,
                  | Corpse Rot, Dazzling Flash, Inner Flame
     0 | D:1      | Reached XP level 1. HP: 17/17 MP: 6/6
     2 | D:1      | Learned a level 1 spell: Foxfire
     4 | D:1      | Learned a level 1 spell: Corona
   244 | D:1      | Reached XP level 2. HP: 22/23 MP: 5/7
   253 | D:1      | Learned a level 2 spell: Ensorcelled Hibernation
   715 | D:1      | Reached XP level 3. HP: 25/28 MP: 7/9
  1098 | D:1      | Reached skill level 5 in Spellcasting
  1255 | D:2      | Upgraded the game from 0.25-a0-733-gf7d8cd8a05 to
                  | 0.25-a0-734-g73332aeda9
  1406 | D:2      | Found a bloodstained altar of Trog.
  1406 | D:2      | Noticed Jessica
  1432 | D:2      | Killed Jessica
  1432 | D:2      | Reached skill level 1 in Short Blades
  1432 | D:2      | Reached skill level 1 in Long Blades
  1432 | D:2      | Reached skill level 1 in Axes
  1432 | D:2      | Reached skill level 1 in Maces & Flails
  1432 | D:2      | Reached skill level 1 in Polearms
  1432 | D:2      | Reached skill level 1 in Staves
  1432 | D:2      | Reached skill level 1 in Slings
  1432 | D:2      | Reached skill level 1 in Bows
  1432 | D:2      | Reached skill level 1 in Crossbows
  1432 | D:2      | Reached skill level 1 in Throwing
  1432 | D:2      | Reached skill level 1 in Dodging
  1432 | D:2      | Reached skill level 1 in Shields
  1432 | D:2      | Reached skill level 1 in Unarmed Combat
  1432 | D:2      | Reached skill level 1 in Invocations
  1432 | D:2      | Reached XP level 4. HP: 15/34 MP: 11/11
  1941 | D:2      | Reached skill level 1 in Conjurations
  1941 | D:2      | Reached skill level 1 in Charms
  1941 | D:2      | Reached skill level 1 in Summonings
  1941 | D:2      | Reached skill level 1 in Translocations
  1941 | D:2      | Reached skill level 1 in Transmutations
  1941 | D:2      | Reached skill level 1 in Fire Magic
  1941 | D:2      | Reached skill level 1 in Ice Magic
  1941 | D:2      | Reached skill level 1 in Air Magic
  1941 | D:2      | Reached skill level 1 in Earth Magic
  1941 | D:2      | Reached skill level 1 in Poison Magic
  2381 | D:2      | Reached XP level 5. HP: 33/40 MP: 12/12
  3801 | D:4      | Reached XP level 6. HP: 43/47 MP: 13/13
  3859 | D:4      | Found a shadowy altar of Dithmenos.
  3869 | D:4      | Found a snail-covered altar of Cheibriados.
  3925 | D:4      | Became a worshipper of Cheibriados the Contemplative
  4218 | D:4      | Found a staircase to the Ecumenical Temple.
  4274 | D:4      | Noticed a phantom
  4327 | D:4      | Killed a phantom
  4327 | D:4      | Reached skill level 5 in Armour
  4499 | D:5      | Entered Level 5 of the Dungeon
  4527 | D:5      | Reached XP level 7. HP: 17/52 MP: 15/15
  5154 | D:5      | Found Buqap's Distillery.
  5157 | D:5      | Bought a potion of heal wounds for 60 gold pieces
  5157 | D:5      | Bought a potion of curing for 36 gold pieces
  5157 | D:5      | Bought a potion of degeneration for 12 gold pieces
  5157 | D:5      | Bought a potion of curing for 36 gold pieces
  5157 | D:5      | Bought a potion of curing for 36 gold pieces
  5157 | D:5      | Bought a potion of might for 48 gold pieces
  5701 | D:6      | Found Esaxtaess's General Store.
  5749 | D:6      | Reached * piety under Cheibriados
  5749 | D:6      | Reached XP level 8. HP: 60/60 MP: 16/16
  5764 | D:6      | Found Weschisch's Food Shop.
  5798 | D:6      | Noticed Grinder
  6538 | D:6      | Reached skill level 6 in Spellcasting
  6871 | D:6      | HP: 2/60 [gnoll/+0 spear (3)]
  6881 | D:6      | Slain by a gnoll shaman

Levels and vault maps discovered:
D:1:      wheals_arrival_shading, layout_loops_cross, serial_bayou_ford_a,
          hangedman_decor_riveting, serial_bayou_pond_d,
          chequers_serial_rivers_small_3
D:2:      layout_basic, old_standard_altar, minmay_misc_feat_rugged,
          uniq_jessica
D:3:      layout_basic
D:4:      layout_cave_pools, amethyst_overflow_temple_binary,
          minmay_temple_entry_nine_rooms, serial_forest,
          infiniplex_forest_end_2, infiniplex_forest_lined_3,
          infiniplex_forest_lined_ring, infiniplex_forest_3_way,
          infiniplex_forest_zigzag_1, infiniplex_forest_lined_3,
          infiniplex_forest_clump_curved, infiniplex_forest_clump_long,
          infiniplex_forest_corner_1
D:5:      layout_basic, first_ration, serial_shops, nicolae_shop_behind_doors
D:6:      layout_loops_ring, serial_shops, nicolae_shop_waterfront, shop_coins,
          minmay_puff, uniq_grinder

Skill      XL: |  1  2  3  4  5  6  7  8 |
---------------+-------------------------+-----
Necromancy     | 2 3 |  3.5
Spellcasting   | 5 6 |  6.0
Short Blades   | 1 2 3 |  3.3
Long Blades    | 1 2 3 |  3.3
Axes           | 1 2 3 |  3.3
Maces & Flails | 1 2 3 |  3.3
Polearms       | 1 2 3 |  3.3
Staves         | 1 2 3 |  3.3
Slings         | 1 2 3 |  3.3
Bows           | 1 2 3 |  3.3
Crossbows      | 1 2 3 |  3.3
Throwing       | 1 2 3 |  3.3
Dodging        | 1 2 3 |  3.3
Shields        | 1 2 3 |  3.3
Unarmed Combat | 1 2 3 |  3.3
Invocations    | 1 2 3 |  3.6
Conjurations   | 1 2 |  2.6
Charms         | 1 2 |  2.6
Summonings     | 1 2 |  2.6
Translocations | 1 2 |  2.6
Transmutations | 1 2 |  2.6
Fire Magic     | 1 2 |  2.6
Ice Magic      | 1 2 |  2.6
Air Magic      | 1 2 |  2.6
Earth Magic    | 1 2 |  2.6
Poison Magic   | 1 2 |  2.6
Fighting       | 3 4 |  4.2
Evocations     | 3 4 |  4.2
Hexes          | 4 |  4.7
Stealth        | 3 4 |  4.1
Armour         | 5 |  5.7

Action                   |  1- 3 |  4- 6 |  7- 9 || total
-------------------------+-------+-------+-------++-------
Melee: Club              |    18 |       |       ||    18
       Short sword       |    80 |   206 |       ||   286
       Bite              |    10 |    65 |    14 ||    89
       Flail             |       |   223 |    69 ||   292
       Halberd           |       |       |   112 ||   112
       Punch             |       |       |     1 ||     1
Throw: Dart              |     3 |    26 |    12 ||    41
       Throwing net      |     1 |     1 |       ||     2
 Cast: Foxfire           |    17 |       |       ||    17
  Use: Scroll            |       |     9 |     3 ||    12
       Potion            |       |       |     5 ||     5
  Eat: Chunk             |     2 |     9 |     8 ||    19
Armor: Leather armour    |    12 |       |       ||    12
       Plate armour      |    42 |   277 |   152 ||   471
       Skin              |       |       |    14 ||    14
Dodge: Dodged            |    54 |   131 |    97 ||   282

Table legend:
 A = Non-vault XP
 B = Vault XP
 C = Vault XP percentage of total XP
 D = Non-vault monster count
 E = Vault monster count
 F = Vault count percentage of total count
                 A         B        C        D         E       F
            +---------+---------+-------+---------+---------+-------
      Total |    1316 |     500 |  27.5 |     105 |       6 |   5.4
            +---------+---------+-------+---------+---------+-------
        D:1 |      42 |       0 |   0.0 |      25 |       0 |   0.0
        D:2 |      86 |      37 |  30.1 |      26 |       1 |   3.7
        D:3 |     115 |       0 |   0.0 |      17 |       0 |   0.0
        D:4 |     244 |       0 |   0.0 |      11 |       0 |   0.0
        D:5 |     569 |       0 |   0.0 |      14 |       0 |   0.0
        D:6 |     260 |     463 |  64.0 |      12 |       5 |  29.4
            +---------+---------+-------+---------+---------+-------
